 Dungeon Crawl Stone Soup version 0.28.0-53-g5a82cb258f (webtiles) character file.

Game seed: 1411220608184345277

18 Barsook the Skirmisher (level 2, 0/19 HPs)
             Began as a Gargoyle Fighter on July 16, 2022.
             Constricted to death by a ball python (1 damage)
             ... on level 1 of the Dungeon.
             The game lasted 00:00:58 (902 turns).

Barsook the Skirmisher (Gargoyle Fighter)            Turns: 902, Time: 00:00:58

Health: 0/19       AC:  9    Str: 19    XL:     2   Next: 70%
Magic:  2/2        EV:  6    Int:  8    God:
Gold:   23         SH:  4    Dex:  9    Spells: 1/1 levels left

rFire   . . .      SeeInvis .   a - +0 war axe
rCold   . . .      Faith    .   c - +0 buckler
rNeg    + . .      Spirit   .   b - +0 scale mail
rPois   ∞          Reflect  .   (no helmet)
rElec   +          Harm     .   (no cloak)
rCorr   .          Rampage  .   (no gloves)
Will    .....                   (no boots)
Stlth   ..........              (no amulet)
HPRegen 0.06/turn               (no ring)
MPRegen 0.08/turn               (no ring)

@: constricted
A: sickness immunity, AC +2, negative energy resistance 1, electricity
resistance, torment resistance 1, petrification resistance
a: no special abilities


You were on level 1 of the Dungeon.
You visited 1 branch of the dungeon, and saw 1 of its levels.

You collected 23 gold pieces.

Inventory:

Hand Weapons
 a - a +0 war axe (weapon)
Armour
 b - a +0 scale mail (worn)
 c - a +0 buckler (worn)
Potions
 d - a potion of might


   Skills:
 + Level 3.6 Fighting
 + Level 1.8 Axes
 + Level 3.6 Armour
 + Level 3.6 Shields


You had one spell level left.
You didn't know any spells.
Your spell library was empty.

Dungeon Overview and Level Annotations

Branches:
Dungeon (1/15)

Altars:


Innate Abilities, Weirdness & Mutations

You are immune to sickness and miasma.
Your stone body is resilient. (AC +2)
You are immune to poison.
You resist negative energy. (rN+)
You are resistant to electric shocks. (rElec)
You are resistant to unholy torment.
You are immune to petrification.


Message History

The ball python misses you. The ball python grabs you.
The ball python constricts you.
The hobgoblin hits you with a +0 short sword.
You hit the hobgoblin.
The hobgoblin is severely wounded.
You closely miss the ball python.
The ball python bites you but does no damage.
The ball python constricts you.
A hobgoblin comes into view.
You block the hobgoblin's attack.
The ball python bites you but does no damage.
The ball python constricts you.
The hobgoblin hits you but does no damage.
The hobgoblin shouts!
You hit the hobgoblin but do no damage.
The hobgoblin is severely wounded.
You closely miss the ball python.
The ball python bites you but does no damage.
The ball python constricts you. The hobgoblin completely misses you.
The ball python barely misses you. The ball python constricts you.
You closely miss the hobgoblin.
The hobgoblin is severely wounded.
You barely miss the ball python. The hobgoblin barely misses you.
The ball python bites you but does no damage.
The ball python constricts you.
The hobgoblin hits you with a +0 short sword.
You barely miss the hobgoblin.
The hobgoblin is severely wounded.
You closely miss the ball python.
The ball python bites you but does no damage.
The ball python constricts you. The ball python bites you.
* * * LOW HITPOINT WARNING * * *
The ball python constricts you.
The hobgoblin hits you with a +0 short sword.
* * * LOW HITPOINT WARNING * * *
You hit the hobgoblin.
You kill the hobgoblin!
You barely miss the ball python. The ball python closely misses you.
The ball python constricts you.
You die...

#.......).......# #...
##..............# #...
#..............# #...
#..............#####...
.....................)....
.##.............#..######.
....##...########..# #.
.....#...).## ##.## ##
.......g.@S.### #..#####
............†.######....##
..........#.......###..#
...#.........####.# .#
###.......##.# #.## #
#.......##.# #..##
.........##.#####..###
........###.....##...##
.......## #####.......#


You could see a hobgoblin and a ball python.

Vanquished Creatures
  3 endoplasms (D:1)
  4 goblins (D:1)
  2 hobgoblins (D:1)
  A quokka (D:1)
  3 ball pythons (D:1)
  A bat (D:1)
  2 frilled lizards (D:1)
  4 rats (D:1)
20 creatures vanquished.

Notes
Turn   | Place    | Note
-------+----------+-------------------------------------------
     0 | D:1      | Barsook the Gargoyle Fighter began the quest for the Orb.
     0 | D:1      | Reached XP level 1. HP: 14/14 MP: 1/1
   353 | D:1      | Reached XP level 2. HP: 14/19 MP: 2/2
   737 | D:1      | Found a faded altar of an unknown god.
   902 | D:1      | Constricted to death by a ball python

Illustrated notes

Levels and vault maps discovered:
D:1:      sevenhm_arrival_forest_fort_small_3, layout_rooms,
          dreamdust_ecumenical_altar_angels_and_demons, minmay_quantized

Action                   || total
-------------------------++-------
Melee: War axe           ||    69
  Use: Scroll            ||     2
       Potion            ||     1
Armor: Scale mail        ||    55
Dodge: Dodged            ||    42
Block: Buckler           ||    20
